Map: [ESL] Royal Blood

Players

ByuN - Winner!

  • Race: Terran Terran

Lambo

  • Race: Zerg Zerg

Event: IEM Katowice 2023

VOD

Have the link to the VOD?

Description

Time

  • Played on: Feb. 9, 2023, 12:20 p.m.
  • Length: 9:34

All games in this series

Show
View Real Time Build Order
Export as new Build Order

ByuN Terran - Winner!

Build Orders:  

Get SALT Encoding   

  12  0:00  SCV  
  13  0:12  SCV  
  14  0:16  Supply Depot  
  14  0:24  SCV  
  15  0:38  SCV  
  15  0:39  Barracks  
  16  0:43  Refinery  
  16  0:50  SCV  
  17  1:02  SCV  
  18  1:14  SCV  
  19  1:25  Barracks Reactor  
  19  1:26  Orbital Command  
  19  1:38  Command Center  
  19  1:47  Barracks  
  19  1:51  SCV  
  20  1:59  Supply Depot  
  20  2:02  Marine  
  20  2:03  Marine  
  20  2:06  SCV  
  23  2:20  Marine x2, SCV  
  26  2:32  SCV  
  26  2:35  Factory  
  27  2:38  Barracks Tech Lab, Refinery  
  27  2:41  Marine x2  
  29  2:45  SCV  
  29  2:50  Orbital Command  
  30  2:57  SCV  
  31  2:59  Marine  
  31  3:00  Marine x2  
  34  3:09  Stimpack, SCV  
  34  3:12  Supply Depot  
  35  3:17  Marine, SCV  
  35  3:18  Marine  
  35  3:19  Marine  
  35  3:25  SCV  
  36  3:29  SCV  
  36  3:31  Starport  
  37  3:35  Marine x2  
  37  3:40  Marine  
  37  3:41  Factory Reactor  
  40  3:42  SCV x2  
  42  3:54  SCV x2  
  44  3:56  Marine x2  
  44  3:57  Supply Depot  
  44  3:59  Marine  
  47  4:06  SCV x2  
  49  4:12  Supply Depot  
  49  4:17  Marine  
  49  4:18  Marine x2, SCV x2  
  49  4:23  Supply Depot  
  56  4:24  Factory Tech Lab  
  56  4:29  Medivac x2, Factory Tech Lab  
  60  4:31  SCV x2  
  60  4:34  Refinery  
  60  4:36  Marine x3  
  63  4:43  SCV x2  
  65  4:46  Engineering Bay, Supply Depot  
  65  4:51  Siege Tank  
  68  4:54  Marine x2  
  68  4:56  Marine  
  71  5:05  SCV x2  
  71  5:06  Barracks  
  73  5:07  Combat Shield  
  73  5:14  Terran Infantry Weapons Level 1, Supply Depot  
  73  5:17  Marine x3  
  76  5:33  Siege Tank  
  76  5:34  Marine x2  
  76  5:35  Marine  
  80  5:38  SCV x2, Supply Depot  
  80  5:39  Medivac, Supply Depot  
  83  5:52  Marine x3, Refinery  
  83  5:54  Marine x2  
  88  6:06  Barracks  
  88  6:07  Barracks  
  88  6:08  Siege Tank  
  88  6:10  Starport Reactor  
  91  6:12  Marine x2  
  91  6:13  Marine x3  
  97  6:19  SCV x2  
  98  6:30  Marine x3  
  98  6:31  Marine x2, Supply Depot  
  103  6:40  Siege Tank  
  102  6:48  Marine x3  
  102  6:50  Marine x2  
  107  6:54  Marine x2  
  107  6:59  Liberator  
  107  7:01  Liberator  
  111  7:06  Marine x3  
  111  7:08  Marine  
  117  7:14  Supply Depot  
  118  7:15  Marine  
  118  7:16  Marine  
  118  7:18  Marine  
  118  7:19  Siege Tank  
  113  7:24  Marine x3  
  113  7:26  Marine  
  116  7:33  Marine  
  116  7:34  Supply Depot  
  116  7:36  Terran Infantry Armor Level 1  
  117  7:42  Liberator  
  117  7:44  Marine x2, Liberator  
  120  7:46  Marine  
  126  7:55  Marine, Siege Tank  
  126  7:57  Marine x3  
  133  8:02  Marine, Supply Depot  
  133  8:05  Marine x2  
  132  8:13  Marine  
  132  8:15  Marine  
  132  8:19  Marine x2  
  133  8:20  Marine  
  133  8:23  Marine x2  
  133  8:25  Medivac  
  133  8:27  Medivac  
  140  8:28  Siege Tank  
  140  8:31  Marine  
  140  8:33  Marine  
  134  8:37  Marine x3  
  129  8:41  Marine  
  129  8:42  Marine  
  129  8:48  Marine  
  129  8:51  Marine  
  129  8:55  Marine x3  
  130  8:59  Marine  
  130  9:00  Marine  
  130  9:01  Siege Tank  
  129  9:06  Marine  
  129  9:09  Marine  
  118  9:13  Marine x3  
Show
View Real Time Build Order
Export as new Build Order

Lambo Zerg 

Build Orders: Pool First 

Get SALT Encoding   

  12  0:00  Drone  
  13  0:12  Overlord  
  13  0:16  Drone  
  14  0:30  Drone x2  
  14  0:34  Drone  
  17  0:44  Extractor, Drone  
  17  0:49  Spawning Pool  
  16  0:55  Drone  
  17  1:14  Drone  
  17  1:16  Hatchery  
  17  1:35  Zergling x4  
  17  1:36  Queen  
  21  1:45  Metabolic Boost  
  22  1:54  Drone  
  22  1:55  Overlord  
  22  2:12  Queen  
  22  2:15  Drone  
  25  2:16  Zergling x2  
  26  2:28  Zergling x4  
  28  2:33  Hatchery  
  27  2:41  Drone x2  
  30  2:44  Drone  
  30  2:46  Drone  
  31  2:51  Drone  
  31  2:53  Overlord  
  31  2:59  Drone  
  31  3:03  Drone  
  33  3:07  Drone  
  33  3:09  Queen  
  35  3:14  Drone  
  35  3:18  Drone  
  36  3:20  Drone x2  
  36  3:22  Drone  
  39  3:29  Queen  
  39  3:32  Drone x2  
  42  3:34  Drone  
  43  3:41  Overlord  
  43  3:44  Drone  
  43  3:45  Queen  
  46  3:49  Queen  
  46  3:52  Drone  
  46  3:55  Drone  
  50  3:57  Overlord  
  50  4:02  Drone x3  
  53  4:06  Drone  
  53  4:07  Queen  
  53  4:09  Drone  
  57  4:13  Drone  
  57  4:17  Drone x2  
  57  4:18  Drone x3  
  57  4:21  Drone  
  57  4:23  Queen  
  65  4:28  Overlord  
  65  4:29  Overlord  
  65  4:37  Overlord  
  65  4:38  Extractor  
  64  4:40  Drone  
  64  4:42  Overlord  
  65  4:45  Overlord, Queen  
  65  4:49  Lair, Zergling x4  
  65  4:51  Zergling x4  
  71  4:54  Zergling x6  
  74  5:00  Drone  
  74  5:01  Extractor  
  74  5:02  Baneling Nest  
  74  5:06  Zergling x10  
  78  5:08  Zergling x2  
  79  5:14  Queen  
  79  5:17  Drone  
  79  5:18  Drone x2  
  79  5:19  Drone  
  86  5:21  Drone x2  
  86  5:30  Drone x2  
  86  5:31  Drone x2  
  86  5:32  Drone  
  86  5:33  Queen  
  92  5:44  Zergling x6  
  92  5:46  Hatchery, Zergling x8  
  92  5:49  Centrifugal Hooks  
  95  5:50  Queen  
  95  5:54  Overlord  
  95  5:57  Overlord, Evolution Chamber  
  96  5:58  Overlord  
  96  6:00  Zergling x2  
  96  6:02  Overlord  
  96  6:03  Baneling x2  
  97  6:05  Baneling x3  
  97  6:07  Baneling x2  
  97  6:08  Overlord  
  97  6:09  Overlord  
  97  6:13  Overlord  
  97  6:14  Drone  
  97  6:16  Zergling x6  
  101  6:21  Zergling x6  
  104  6:26  Zergling x4  
  104  6:27  Zerg Ground Armor Level 1  
  104  6:28  Queen  
  104  6:30  Zergling x2  
  111  6:32  Zergling x4  
  111  6:35  Baneling x6  
  111  6:38  Zergling x6  
  100  6:47  Zergling x8  
  100  6:50  Baneling x5  
  100  6:52  Zergling x10  
  102  7:02  Zergling x12  
  102  7:07  Zergling x2  
  109  7:09  Queen x2  
  109  7:17  Zergling x14  
  109  7:20  Zergling x2  
  109  7:21  Zergling x2  
  106  7:23  Baneling x6  
  106  7:27  Zergling x4  
  106  7:28  Queen  
  110  7:32  Baneling x4  
  110  7:33  Zergling x8  
  110  7:34  Evolution Chamber  
  113  7:37  Zergling x6  
  113  7:38  Baneling x4  
  113  7:41  Zergling x6  
  119  7:47  Zergling x2  
  117  7:52  Zergling x8  
  122  7:58  Zergling x2  
  122  8:01  Baneling x4  
  122  8:04  Zergling x12  
  122  8:05  Queen x2  
  126  8:13  Zergling x4  
  126  8:19  Zergling x4  
  113  8:22  Baneling x5, Zergling x4  
  106  8:30  Zergling x10  
  106  8:33  Zergling x4  
  99  8:35  Zergling x2  
  90  8:41  Baneling x2  
  90  8:42  Zergling x10  
  90  8:44  Zergling x4  
  90  8:47  Zergling x2  
  97  8:49  Baneling x3  
  97  8:55  Zergling x6  
  93  8:58  Queen x2, Zergling x2  
  93  8:59  Zergling x6  
  93  9:01  Zergling x2  
  93  9:02  Zergling x2  
  96  9:06  Zergling x2  
  87  9:10  Zergling x10  
  87  9:14  Zergling x4  

Tags
 
Add a new tag
Caveats
  • Supply blocks, unpowered buildings, or Contaminate may cause inaccurate times.
  • Supply counts are checked every 10 seconds.